 Dungeon Crawl Stone Soup version 0.30.0-20-g3615ddf2f0 (webtiles) character file.

Game seed: 2386453313727759635

1367 qw the Cleaver (level 8, 0/48 HPs)
             Began as a Gargoyle Fighter on May 31, 2023.
             Slain by an ogre
             ... wielding a +0 giant club
              (6 damage)
             ... on level 5 of the Dungeon.
             The game lasted 00:01:59 (4381 turns).

qw the Cleaver (Gargoyle Fighter)                   Turns: 4381, Time: 00:02:00

Health: 0/48       AC: 19    Str: 21    XL:     8   Next: 65%
Magic:  8/8        EV:  8    Int: 10    God:
Gold:   170        SH:  4    Dex:  9    Spells: 7/7 levels left

rFire   . . .        Y - +0 war axe
rCold   . . .        c - +0 buckler
rNeg    + . .        y - +0 chain mail
rPois   inf          a - +0 helmet
rElec   +            (no cloak)
rCorr   .            e - +2 pair of gloves
SInv    .            (no boots)
Will    .....        g - amulet of the acrobat Stlth
                     (no ring)
HPRegen 0.28/turn    (no ring)
MPRegen 0.11/turn

%: acrobat
@: no status effects
A: sickness immunity, AC +5, negative energy resistance 1, electricity
resistance, torment resistance 1, petrification resistance
a: no special abilities


You were on level 5 of the Dungeon.
You visited 1 branch of the dungeon, and saw 5 of its levels.

You collected 170 gold pieces.


Innate Abilities, Weirdness & Mutations

You are immune to sickness and miasma.
Your stone body is resilient. (AC +5)
You are immune to poison.
You resist negative energy. (rN+)
You are resistant to electric shocks. (rElec)
You are resistant to unholy torment.
You are immune to petrification.


   Skills:
 + Level 4.4 Fighting
 - Level 8.0 Axes
 - Level 3.9 Throwing
 - Level 3.2 Armour
 - Level 1.6 Dodging
 - Level 3.2 Shields


You had 7 spell levels left.
You didn't know any spells.
Your spell library was empty.

Inventory:

Hand Weapons
 h - a +2 whip of flaming
 Y - a +0 war axe (weapon)
Missiles
 o - 3 javelins (quivered)
Armour
 a - a +0 helmet (worn)
 c - a +0 buckler (worn)
 e - a +2 pair of gloves (worn)
 n - a +1 ring mail of fire resistance
 y - a +0 chain mail (worn)
Jewellery
 g - an amulet of the acrobat (around neck)
Scrolls
 b - a scroll of identify
Potions
 d - 2 potions of might
 f - a potion of degeneration {unknown}
 i - a potion of mutation {unknown}
 j - a potion of magic {unknown}
 k - a potion of curing {unknown}
 l - a potion of invisibility {unknown}
 m - a potion of attraction {unknown}
 p - a potion of resistance {unknown}
 w - 3 potions of lignification {unknown}
 x - a potion of haste {unknown}

Dungeon Overview and Level Annotations

Branches:
Dungeon (5/15)
 Temple: D:4-7

Altars:
Ashenzari
Makhleb
Sif Muna
Trog


Message History

Blork the orc barely misses you.
You barely miss Blork the orc.
Blork the orc is severely wounded.
You block Blork the orc's attack.
You barely miss Blork the orc.
Blork the orc is severely wounded.
You barely miss the ogre. The ogre closely misses you.
Blork the orc hits you but does no damage.
Blork the orc looks braver for a moment.
An orc comes into view. It is wielding a +0 club.
You barely miss Blork the orc.
Blork the orc is severely wounded.
The orc shouts!
You hit the ogre. The ogre hits you with a +0 giant club!
The orc wizard mumbles some strange words.
The orc wizard flickers and vanishes!
Deactivating autopickup; reactivate with Ctrl-A.
You hit Blork the orc but do no damage.
Blork the orc is severely wounded.
You barely miss the ogre.
The ogre hits you with a +0 giant club!!
Ouch! That really hurt!
A magic dart appears from out of thin air!
The magic dart hits you but does no damage.
An orc comes into view. It is wielding a +0 hand axe.
Blork the orc hits you but does no damage.
You hear a bark!
You hit Blork the orc.
Blork the orc is almost dead.
You hit the orc. You hit the ogre but do no damage.
The orc hits you but does no damage.
Blork the orc points at you and mumbles some strange words.
You block the puff of frost.
You slash Blork the orc!
You kill Blork the orc!
You hit the ogre but do no damage. You hit the orc.
The ogre hits you with a +0 giant club.
You die...

#.........
#.....?...
'......... o......
.o.... #{..# #oO.#
# #@).#.# #.....#
#######...###
........#.#
#######<#.# #.#.#
#+##############.#
#
.................#
........##########


You could see an ogre and 3 orcs.

Vanquished Creatures
  Pikel (D:4)
  Grinder (D:3)
  An ice beast (D:4)
  2 black bears (D:3)
  An ogre (D:4)
  3 lemures (D:4)
  Blork the orc (D:5)
  A scorpion (D:4)
  A hound (D:4)
  3 iguanas
  Robin (D:2)
  4 gnolls (D:4)
  4 adders
  2 worms (D:2)
  2 dart slugs
  3 orcs
  6 endoplasms
  4 giant cockroaches (D:1)
  13 goblins
  7 hobgoblins
  8 jackals
  10 kobolds
  3 quokkas
  11 ball pythons
  8 bats
  3 frilled lizards
  9 rats
113 creatures vanquished.

Notes
Turn   | Place    | Note
-------+----------+-------------------------------------------
     0 | D:1      | qw the Gargoyle Fighter began the quest for the Orb.
     0 | D:1      | Reached XP level 1. HP: 14/14 MP: 1/1
     0 | D:1      | 0 ||| qw: Version: 0.2-a-102-gfc559e5
     0 | D:1      | 0 ||| qw: Game counter: 558
     0 | D:1      | 0 ||| qw: Always use a shield: true
     0 | D:1      | 0 ||| qw: God list: Okawaru
     0 | D:1      | 0 ||| qw: Allow faded altars: false
     0 | D:1      | 0 ||| qw: Do Orc after D:15 true
     0 | D:1      | 0 ||| qw: Do second Lair branch before Depths: true
     0 | D:1      | 0 ||| qw: Lair rune preference: random
     0 | D:1      | 0 ||| qw: Plans: Normal, Zot:1-4, Slime:5, God:TSO, Crypt,
                  | Tomb, Pan, Hells, Abyss, Win
     0 | D:1      | 0 ||| PLANNING D:1-11
    26 | D:1      | Reached skill level 2 in Axes
    76 | D:1      | 76 ||| Stepping ~*~*~tactically~*~*~ (hiding).
    80 | D:1      | Reached XP level 2. HP: 17/19 MP: 2/2
   367 | D:1      | 367 ||| Stepping ~*~*~tactically~*~*~ (hiding).
   369 | D:1      | 369 ||| Stepping ~*~*~tactically~*~*~ (hiding).
   564 | D:1      | 564 ||| Stepping ~*~*~tactically~*~*~ (stealth).
   572 | D:1      | Reached skill level 3 in Axes
   678 | D:1      | Reached XP level 3. HP: 23/23 MP: 3/3
   682 | D:1      | 682 ||| Stepping ~*~*~tactically~*~*~ (stealth).
   683 | D:1      | 683 ||| Stepping ~*~*~tactically~*~*~ (stealth).
   734 | D:1      | 734 ||| DROPPING +0 club.
   948 | D:1      | 948 ||| UPGRADING to amulet of the acrobat.
   953 | D:1      | 953 ||| READING scroll labelled KIOQIH LIOCEBB.
   954 | D:1      | 954 ||| READING scroll labelled PESYUFAO HEALY.
   993 | D:2      | 993 ||| Stepping ~*~*~tactically~*~*~ (hiding).
  1019 | D:2      | Noticed Robin
  1020 | D:2      | 1020 ||| Stepping ~*~*~tactically~*~*~ (hiding).
  1031 | D:2      | Reached XP level 4. HP: 24/28 MP: 4/4
  1034 | D:2      | Killed Robin
  1035 | D:2      | Reached skill level 4 in Axes
  1514 | D:2      | Identified the +9 spear "Yfruum" {venom, rF+}
  1563 | D:2      | 1563 ||| Stepping ~*~*~tactically~*~*~ (stealth).
  1670 | D:2      | Found a faded altar of an unknown god.
  1939 | D:2      | 1939 ||| UPGRADING to +0 helmet.
  1944 | D:2      | 1944 ||| UPGRADING to +0 pair of gloves.
  1949 | D:2      | 1949 ||| UPGRADING to +1 ring mail of fire resistance.
  1959 | D:2      | 1959 ||| READING scroll labelled XOTTOI OREUST.
  1986 | D:3      | Noticed Grinder
  1987 | D:3      | 1987 ||| Stepping ~*~*~tactically~*~*~ (hiding).
  1988 | D:3      | 1988 ||| Stepping ~*~*~tactically~*~*~ (hiding).
  1989 | D:3      | 1989 ||| Stepping ~*~*~tactically~*~*~ (hiding).
  1990 | D:3      | 1990 ||| Stepping ~*~*~tactically~*~*~ (hiding).
  1995 | D:3      | Paralysed by Grinder for 3 turns
  2001 | D:3      | Paralysed by Grinder for 5 turns
  2008 | D:3      | Killed Grinder
  2009 | D:3      | Reached skill level 3 in Throwing
  2009 | D:3      | Reached XP level 5. HP: 25/32 MP: 5/5
  2009 | D:3      | Reached XP level 6. HP: 28/37 MP: 6/6
  2110 | D:3      | Found a broken altar of Ashenzari.
  2178 | D:3      | 2178 ||| Stepping ~*~*~tactically~*~*~ (stealth).
  2290 | D:3      | 2290 ||| READING scroll of enchant armour.
  2290 | D:3      | 2290 ||| ENCHANTING +0 pair of gloves.
  2314 | D:3      | 2314 ||| READING scroll of enchant armour.
  2314 | D:3      | 2314 ||| ENCHANTING +1 pair of gloves.
  2805 | D:3      | 2805 ||| DROPPING +0 scale mail.
  2806 | D:3      | 2806 ||| UPGRADING to +0 chain mail.
  2816 | D:3      | 2816 ||| READING scroll labelled GIYMUP SELLAONABY.
  2817 | D:3      | 2817 ||| READING scroll labelled UKLOR ZIKITA.
  2818 | D:3      | 2818 ||| READING 2 scrolls labelled MACZEK KAKHLARU.
  2819 | D:3      | 2819 ||| READING scroll labelled PARUTR ONYPRIS.
  2820 | D:3      | 2820 ||| DROPPING scroll of amnesia.
  2839 | D:4      | Noticed a black bear
  2839 | D:4      | Noticed a black bear
  2839 | D:4      | Found a bloodstained altar of Trog.
  2843 | D:4      | 2843 ||| STAIRDANCE
  2849 | D:3      | Killed a black bear
  2850 | D:3      | Reached skill level 5 in Axes
  2850 | D:3      | Reached XP level 7. HP: 37/41 MP: 7/7
  2870 | D:4      | 2870 ||| STAIRDANCE
  3344 | D:4      | Found a burning altar of Makhleb.
  3456 | D:4      | Reached skill level 6 in Axes
  3487 | D:4      | Reached skill level 1 in Dodging
  3658 | D:4      | Found a shimmering blue altar of Sif Muna.
  3811 | D:4      | 3811 ||| DROPPING +2 hat.
  3812 | D:4      | 3812 ||| READING 2 scrolls labelled CELLOSKOYM.
  3813 | D:4      | 3813 ||| DRINKING 2 smoky golden potions.
  3918 | D:4      | 3918 ||| DROPPING potion of berserk rage.
  3934 | D:5      | Entered Level 5 of the Dungeon
  3934 | D:5      | Noticed Pikel
  3940 | D:5      | 3940 ||| STAIRDANCE
  3946 | D:4      | HP: 8/43 [Pikel/+2 whip of flaming (4)]
  3946 | D:4      | HP: 2/43 [phantom (6)]
  3947 | D:4      | 3947 ||| READING scroll of teleportation.
  3949 | D:4      | 3949 ||| DRINKING potion of heal wounds.
  4052 | D:5      | 4052 ||| STAIRDANCE
  4098 | D:5      | 4098 ||| STAIRDANCE
  4104 | D:4      | Reached XP level 8. HP: 28/48 MP: 8/8
  4152 | D:4      | 4152 ||| FLEEEEING.
  4153 | D:4      | 4153 ||| FLEEEEING.
  4154 | D:4      | 4154 ||| FLEEEEING.
  4159 | D:4      | 4159 ||| FLEEEEING.
  4171 | D:4      | Killed Pikel
  4172 | D:4      | Reached skill level 8 in Axes
  4199 | D:4      | 4199 ||| DROPPING +0 whip.
  4367 | D:5      | Noticed Blork the orc
  4379 | D:5      | HP: 6/48 [ogre/+0 giant club (29)]
  4381 | D:5      | Killed Blork the orc
  4381 | D:5      | Slain by an ogre

Levels and vault maps discovered:
D:1:      dpeg_arrival_arbitrary_a, layout_loops_ring, dk_noncrumbling_3
D:2:      layout_basic, shapermc_ecumenical_altar_petra, uniq_robin
D:3:      layout_basic, cheibrodos_ashenzari_chains, uniq_grinder
D:4:      layout_loops_ring, makhleb_blood_cavern_becter, led_sif_pool,
          trog_ov_bears_minmay
D:5:      layout_basic, uniq_blork_the_orc, uniq_pikel, uniq_sigmund

Skill      XL: |  1  2  3  4  5  6  7  8 |
---------------+-------------------------+-----
Axes           | 2 3 4 5 6 8 |  8.0
Throwing       | 3 |  3.9
Fighting       | 4 |  4.4
Dodging        | 1 |  1.6
Armour         | |  3.2
Shields        | |  3.2

Action                     |  1- 3 |  4- 6 |  7- 9 || total
---------------------------+-------+-------+-------++-------
  Melee: War axe           |   103 |    80 |   130 ||   313
  Throw: Javelin           |       |    27 |    15 ||    42
    Use: Scroll            |     2 |     7 |     2 ||    11
         Potion            |       |       |     2 ||     2
 Armour: Scale mail        |    52 |    22 |       ||    74
         Ring mail         |       |     7 |       ||     7
         Chain mail        |       |     7 |   131 ||   138
  Dodge: Dodged            |    42 |    36 |    66 ||   144
  Block: Buckler           |    22 |     9 |    28 ||    59

Table legend:
 A = Non-vault XP
 B = Vault XP
 C = Vault XP percentage of total XP
 D = Non-vault monster count
 E = Vault monster count
 F = Vault count percentage of total count
                 A         B        C        D         E       F
            +---------+---------+-------+---------+---------+-------
      Total |     706 |    1339 |  65.5 |      93 |      17 |  15.5
            +---------+---------+-------+---------+---------+-------
        D:1 |      51 |       0 |   0.0 |      31 |       0 |   0.0
        D:2 |      60 |      35 |  36.8 |      18 |      11 |  37.9
        D:3 |      37 |     556 |  93.8 |      22 |       3 |  12.0
        D:4 |     519 |     657 |  55.9 |      20 |       2 |   9.1
        D:5 |      39 |      91 |  70.0 |       2 |       1 |  33.3
            +---------+---------+-------+---------+---------+-------
